 Dungeon Crawl Stone Soup version 0.29-a0-344-ge2f44be95a (webtiles) character file.

Game seed: 13281947193506366442

2 spaghetti the Insei (level 1, 10/16 HPs)
             Began as a Deep Dwarf Transmuter on Apr 22, 2022.
             Quit the game on level 1 of the Dungeon.
             The game lasted 00:00:23 (147 turns).

spaghetti the Insei (Deep Dwarf Transmuter)          Turns: 147, Time: 00:00:23

Health: 10/16      AC:  2    Str: 13    XL:     1   Next: 25%
Magic:  3/3        EV: 12    Int: 13    God:
Gold:   0          SH:  0    Dex: 13    Spells: 2/3 levels left

rFire   . . .      SeeInvis .     - Unarmed
rCold   . . .      Faith    .   (no shield)
rNeg    . . .      Spirit   .   a - +0 robe
rPois   .          Reflect  .   (no helmet)
rElec   .          Harm     .   (no cloak)
rCorr   .          Rampage  .   (no gloves)
Will    .....                   (no boots)
Stlth   +.........              (no amulet)
HPRegen 0.00/turn               (no ring)
MPRegen 0.08/turn               (no ring)

@: no status effects
A: damage resistance, heal wounds, sense surroundings 1, no regeneration
a: Heal Wounds


You were on level 1 of the Dungeon.
You visited 1 branch of the dungeon, and saw 2 of its levels.


Innate Abilities, Weirdness & Mutations

You are resistant to damage.
You can heal yourself by infusing magical energy.
You passively map a small area around you.
You do not regenerate.


   Skills:
 + Level 0.9 Fighting
 + Level 2.2 Dodging
 * Level 2.7 Unarmed Combat
 + Level 1.8 Spellcasting
 + Level 1.8 Transmutations


You had 2 spell levels left.
You knew the following spells:

 Your Spells              Type           Power      Damage    Failure   Level
a - Beastly Appendage     Tmut           10%        N/A       12%         1

Your spell library contained the following spells:

 Spells                   Type           Power      Damage    Failure   Level
 Wereblood                Tmut           5%         N/A       19%         2
 Spider Form              Tmut/Pois      3%         N/A       47%         3
 Ice Form                 Ice/Tmut       3%         N/A       87%         4

Inventory:

Armour
 a - a +0 robe (worn)
Potions
 b - a potion of lignification {!q}
 c - a potion of degeneration {unknown}

Dungeon Overview and Level Annotations

Branches:
Dungeon (2/15)

Altars:

* * #.##. , , ..#.,
..# , . ,*...
#..#### ..*##..
#..... , ..>#...
#...# * #
.....#.###...# . *
h.....W......# *# *
#....h@†...# * #
#..##.##...######. #
#.............. # *
...###....###### #
*..., #...## # * #.#
#..## ##### #.
#...#.# #.... #
###.##†#### #.###
...........#######.#
#


You could see a phantom and 2 jackals.


Message History

Welcome, spaghetti the Deep Dwarf Transmuter.
It is said that the Orb of Zot exists deep within this dungeon.
Press ? for a list of commands and other information.
Found a staircase leading out of the dungeon.
You open the door. You open the door.
There is an open door here.
There is an open door here.
You open the door.
There is an open door here.
Key pressed, stopping explore.
There is an open door here.
As you open the door, it creaks loudly!
There is an open door here.
c - an emerald potion
Found an escape hatch in the floor.
A bat comes into view.
A bat is nearby!
A bat is nearby!
A bat is nearby!
Casting: Beastly Appendage (safe; 13% risk of failure)
Confirm with . or Enter, or press ? or * to list all spells.
You grow a pair of large bovine horns.
Your feet morph into talons.
The bat hits you but does no damage. 😎 MP[-1]
You lost 1 mp, and now have 2/3 mp.
You barely miss the bat. You claw the bat.
You kill the bat!
You see here a bat corpse.
Okay, then.
Your transformation is almost over.
Your horns disappear.
Your talons disappear.
Found a stone staircase leading down. 😎 MP[+1]
Your mp is fully restored (3).
Unknown command.
A quokka comes into view.
Found a stone staircase leading down.
A quokka is nearby!
A quokka is nearby!
The quokka bites you.
You closely miss the quokka. The quokka closely misses you.
You barely miss the quokka. The quokka bites you.
The quokka barely misses you. 😕 HP[-1]
You take 1 damage, and now have 15/16 hp.
You are too injured to fight recklessly!
You are too injured to fight recklessly!
You are too injured to fight recklessly!
You are too injured to fight recklessly!
You are too injured to fight recklessly!
You are too injured to fight recklessly!
You are too injured to fight recklessly!
You are too injured to fight recklessly!
You are too injured to fight recklessly!
You are too injured to fight recklessly!
You miss the quokka. The quokka bites you. 😕 HP[-2]
You take 2 damage, and now have 13/16 hp.
You hit the quokka but do no damage. The quokka barely misses you.
You hit the quokka but do no damage. The quokka closely misses you.
You hit the quokka. The quokka barely misses you.
You hit the quokka. The quokka closely misses you.
You barely miss the quokka. The quokka misses you.
The quokka closely misses you.
You miss the quokka. The quokka closely misses you.
You closely miss the quokka. The quokka bites you.
You miss the quokka. The quokka closely misses you.
You barely miss the quokka. The quokka misses you.
You hit the quokka.
You kill the quokka!
A jackal comes into view.
You see here a quokka corpse.
A jackal comes into view.
The jackal barks!
There is a stone staircase leading down here.
You climb downwards.
There is a stone staircase leading up here.
Unknown command.
Unknown command.
Unknown command.
A phantom comes into view.
A phantom is nearby!
A phantom is nearby!
The phantom attacks as you move away! The phantom hits you. 😮 HP[-3]
You take 3 damage, and now have 10/16 hp.
The phantom attacks as you move away! The phantom closely misses you.
There is a stone staircase leading up here.
The phantom hits you.
You climb upwards.
The jackal barely misses you. x2
There is a stone staircase leading down here.
Unknown command.
Unknown command.
You aren't carrying any scrolls.
Unknown command.
Are you sure you want to abandon this character and quit the game? (Confirm with "yes".)
Okay, then.
Unknown command.
Unknown command.
Are you sure you want to abandon this character and quit the game? (Confirm with "yes".)

Action                   || total
-------------------------++-------
Melee: Unarmed           ||    14
       Kick              ||     1
 Cast: Beastly Appendage ||     1
Armor: Robe              ||     1
Dodge: Dodged            ||    14

Levels and vault maps discovered:
D:1:      dpeg_arrival_radiant, layout_loops_ring, lemuel_flame_loot_1
D:2:      layout_basic

Notes
Turn   | Place    | Note
-------+----------+-------------------------------------------
     0 | D:1      | spaghetti the Deep Dwarf Transmuter began the quest for the
                  | Orb.
     0 | D:1      | Reached XP level 1. HP: 16/16 MP: 3/3
     0 | D:1      | magus.rc [v1.9.6]
   137 | D:2      | Noticed a phantom
   147 | D:1      | Quit the game

Vanquished Creatures
  A quokka (D:1)
  A bat (D:1)
2 creatures vanquished.

Table legend:
 A = Non-vault XP
 B = Vault XP
 C = Vault XP percentage of total XP
 D = Non-vault monster count
 E = Vault monster count
 F = Vault count percentage of total count
                 A         B        C        D         E       F
            +---------+---------+-------+---------+---------+-------
      Total |       3 |       0 |   0.0 |       2 |       0 |   0.0
            +---------+---------+-------+---------+---------+-------
        D:1 |       3 |       0 |   0.0 |       2 |       0 |   0.0
            +---------+---------+-------+---------+---------+-------

Illustrated notes

Table legend:
 A = Kills in this place as a percentage of kills in entire the game.
 B = Kills by you in this place as a percentage of kills by you in the entire game.
 C = Kills by friends in this place as a percentage of kills by friends in the entire game.
 D = Other kills in this place as a percentage of other kills in the entire game.
 E = Experience gained in this place as a percentage of experience gained in the entire game.
 F = Experience gained in this place divided by the number of levels of this place that you have seen.
                   A       B       C       D       E      F
               +-------+-------+-------+-------+-------+----------------------
         Total | 100.0 | 100.0 |   N/A |   N/A | 100.0 |   1.5
       Dungeon | 100.0 | 100.0 |   N/A |   N/A | 100.0 |   1.5
               +-------+-------+-------+-------+-------+----------------------

Table legend: (Time is in decaauts)
 A = Elapsed time spent in this place.
 B = Non-inter-level travel time spent in this place.
 C = Inter-level travel time spent in this place.
 D = Time resting spent in this place.
 E = Time spent auto-exploring this place.
 F = Levels seen in this place.
 G = Mean time per level.
                   A        B        C        D        E       F      G
               +--------+--------+--------+--------+--------+-----+--------+
         Total |    146 |    146 |      0 |      0 |    109 |   2 |   73.0 |
       Dungeon |    146 |    146 |      0 |      0 |    109 |   2 |   73.0 |
               +--------+--------+--------+--------+--------+-----+--------+

Top non-repeatable levels by time:
     D:1: 126 daAuts
     D:2: 19 daAuts
